cohdb
Replays
Latest Replays
All Replays
Popular Replays
Top Player Replays
Match Explorer
How It Works
Community
CoH3 Stats
Reddit
Sign in to upload your games and track your stats! →
Sign in with Steam
Match 42813621
Unlisted
Match 42813621
Overview
Messages
Build Orders
End
Pioneer Squad
Construct Infanterie Kompanie
Grenadier Squad
MG 42 Machine Gun Team
Selects Terror Battlegroup
Selects Machine Gun Camouflage
MG 42 Machine Gun Team
Infanterie Officer Quarters
Grenadier Squad
Construct Panzergrenadier Kompanie
Medical Bunker
Panzergrenadier Officer Quarters
Pak 40 Anti-tank Gun Team
Pak 40 Anti-tank Gun Team
Selects No Quarter
Panzergrenadier Squad
Panzergrenadier Squad
Panzergrenadier Squad
Pak 40 Anti-tank Gun Team
Panzergrenadier Squad
Pioneer Squad
Selects King Tiger Heavy Tank
^3
Offizier Metzger
0
0
Comments
sign in to comment!
No comments posted yet!